AoeStats
← QuietThePro

Arabia

509853190Analyzed
1v1 RM · 5d ago on Sep 28, 2026· 38m 59s· 2 players
Game mode
Random Map
Map size
Tiny (2 player)
Population
200
Speed
Normal
Resources
Standard
Victory
Conquest
Starting age
Dark Age
Ending age
Imperial Age
RankedLock teamsTeams togetherTeam positionsShared explorationLock speedFull tech treeHidden civsTurbo modeCheats
Victory
Defeat
🇦🇺 Byzantines · Australia
1328
+15
🇨🇳 Chinese · China
1304
-15
PlatinumDisco
0:26 Loom
9:06 Feudal Age
9:43 Double-Bit Axe
10:16 Horse Collar
12:31 Wheelbarrow
14:44 Padded Archer Armor
14:59 Fletching
20:51 Castle Age
19:40 Gold Mining
21:28 Bodkin Arrow
20:54 Elite Skirmisher
22:30 Leather Archer Armor
22:39 Bow Saw
26:30 Ballistics
26:32 Heavy Plow
27:26 Hand Cart
26:58 Town Watch
27:59 Scale Barding Armor
29:06 Forging
29:40 Bloodlines
29:30 Husbandry
31:16 Husbandry
36:25 Imperial Age
34:41 Chain Barding Armor
34:58 Stone Mining
35:43 Gold Shaft Mining
35:11 Town Patrol
36:38 Iron Casting
36:12 Thumb Ring
36:04 Murder Holes
36:19 Masonry
38:21 Cavalier
39:37 Plate Barding Armor
40:02 Blast Furnace
39:03 Bracer
39:33 Ring Archer Armor
39:55 Stone Shaft Mining
QuietThePro
7:10 Loom
9:33 Feudal Age
10:13 Double-Bit Axe
12:21 Fletching
23:49 Horse Collar
27:53 Castle Age
26:55 Scale Barding Armor
28:27 Padded Archer Armor
28:50 Bodkin Arrow
28:18 Crossbowman
33:47 Wheelbarrow
39:00 Imperial Age
Connection lost

Rejoining the realm…

Still unreachable

The connection could not be restored.

Session expired

The server has moved on; the page needs a fresh start.